 Dungeon Crawl Stone Soup version 0.21-a0-442-g848f44b (webtiles) character file.

81 Beatriz the Skirmisher (level 4, 0/37 HPs)
             Began as a Demonspawn Abyssal Knight on Nov 12, 2017.
             Was a Believer of Lugonu.
             Succumbed to an adder's poison
             ... on level 1 of the Dungeon.
             The game lasted 00:04:14 (2026 turns).

Beatriz the Skirmisher (Demonspawn Abyssal Knight)  Turns: 2026, Time: 00:04:14

Health: 0/37       AC:  6    Str: 11 (14) XL:     4   Next: 19%
Magic:  6/6        EV: 11    Int: 14 (15) God:    Lugonu [**....]
Gold:   62         SH:  0    Dex: 11 (12) Spells: 3/3 levels left

rFire    . . .     SeeInvis .   e - +0 war axe
rCold    . . .     Gourm    .   (no shield)
rNeg     . . .     Faith    .   b - +1 leather armour
rPois    .         Spirit   .   (no helmet)
rElec    .         Reflect  .   (no cloak)
rCorr    .         Harm     .   (no gloves)
MR       .....                  (no boots)
Stlth    ++........             (no amulet)
HPRegen  0.12/turn              h - +2 ring of intelligence
MPRegen  0.10/turn              k - ring of stealth

@: lethally poisoned (0 -> -11)
A: yellow scales 1
a: Depart the Abyss, Bend Space, Renounce Religion


You were on level 1 of the Dungeon.
You worshipped Lugonu.
Lugonu was pleased with you.
You were not hungry.

You visited 1 branch of the dungeon, and saw 2 of its levels.
You visited the Abyss 1 time.

You collected 62 gold pieces.

Inventory:

Hand Weapons
 e - a +0 war axe (weapon)
Armour
 b - a +1 leather armour (worn)
Jewellery
 h - a +2 ring of intelligence (left hand)
 k - a ring of stealth (right hand)
Comestibles
 j - a meat ration


   Skills:
 + Level 3.8 Fighting
 + Level 2.6 Axes
 + Level 2.2 Armour
 + Level 1.2 Dodging
 - Level 0.5 Stealth
 + Level 2.7 Invocations


You had 3 spell levels left.
You didn't know any spells.

Dungeon Overview and Level Annotations

Branches:
Dungeon (2/15)

Altars:

Annotations:
D:2 Sigmund


Innate Abilities, Weirdness & Mutations

You are partially covered in yellow scales. (AC +2)


Message History

Sigmund hits you from afar with a scythe!
* * * LOW HITPOINT WARNING * * *
The adder bites you.
* * * LOW HITPOINT WARNING * * *
You are lethally poisoned!
The adder poisons you!
* * * LOW HITPOINT WARNING * * *
You feel sick. The adder bites you.
* * * LOW HITPOINT WARNING * * *
You are more poisoned.
The adder poisons you! Sigmund completely misses you.
You climb upwards.
* * * LOW HITPOINT WARNING * * *
You feel sick.
There is a stone staircase leading down here.
You aren't carrying any potions.
You aren't carrying any spellbooks or scrolls.
You barely miss the adder.
The adder is almost dead.
You die...

####..........#
..##..........#
...)..........#
.......######## .......#
.......# #'#....#
#########
#......###.....S.#####
)...............@....#
####...###.#...#[###.####
#####..# #.....#........#
...##..#######.#####.#.##
...#....# #.# #....#
...#....# #.# ######
...#....# #.# ...#....#
#.# ####....# #.#


You could see an adder.

Vanquished Creatures
  4 adders (D:2)
  A worm (D:2)
  A dart slug (D:1)
  2 leopard geckos (D:1)
  A ball python (D:1)
  4 goblins
  7 hobgoblins (D:1)
  4 kobolds
  A quokka (D:1)
  6 bats
  9 rats (D:1)
40 creatures vanquished.

Notes
Turn   | Place    | Note
-------+----------+-------------------------------------------
     0 | Abyss:1  | Beatriz the Demonspawn Abyssal Knight began the quest for the Orb.
     0 | Abyss:1  | Reached XP level 1. HP: 18/18 MP: 2/2
    84 | Abyss:2  | Noticed a smoke demon
    85 | Abyss:2  | Noticed a worldbinder
    85 | D:1      | Escaped the Abyss
    98 | D:1      | Reached * piety under Lugonu
   221 | D:1      | Gained mutation: You are partially covered in yellow scales. (AC +2) [demonic ancestry]
   221 | D:1      | Reached XP level 2. HP: 17/24 MP: 3/3
   432 | D:1      | Reached skill level 1 in Dodging
   620 | D:1      | Reached XP level 3. HP: 29/29 MP: 5/5
   655 | D:1      | Reached ** piety under Lugonu
  1439 | D:2      | Reached XP level 4. HP: 22/37 MP: 6/6
  1743 | D:2      | Noticed Sigmund
  2025 | D:1      | HP: 1/37 [poisoned by an adder]
  2026 | D:1      | Succumbed to an adder's poison

Vault maps used:
D:1:      onia_arrival_larder
D:2:      first_bread, uniq_crazy_yiuf_cottage, uniq_sigmund
Abyss:2:  evilmike_abyss_exit_15

Skill      XL: |  1  2 |
---------------+-------+-----
Armour         | 2 |  2.2
Dodging        | 1 |  1.2
Axes           | 2 |  2.6
Fighting       | |  3.8
Stealth        | |  0.5
Invocations    | |  2.7

Action                   |  1- 3 |  4- 6 || total
-------------------------+-------+-------++-------
Melee: Hand axe          |   123 |    11 ||   134
       War axe           |       |    20 ||    20
Invok: Depart the Abyss  |     1 |       ||     1
  Use: Scroll            |       |     3 ||     3
       Potion            |       |     1 ||     1
 Stab: Sleeping          |     1 |       ||     1
  Eat: Chunk             |     1 |       ||     1
       Bread ration      |       |     1 ||     1
Armor: Leather armour    |    48 |    11 ||    59
Dodge: Dodged            |    93 |    33 ||   126

Table legend:
 A = Spawn XP
 B = Non-spawn XP
 C = Spawn XP percentage of total XP
 D = Spawn monster count
 E = Non-spawn monster count
 F = Spawn count percentage of total count
 G = Total turns spent on level
                    A         B        C        D         E        F      G
               +---------+---------+-------+---------+---------+-------+---------
         Total |       0 |     116 |   0.0 |       0 |      40 |   0.0 |  2026
               +---------+---------+-------+---------+---------+-------+---------
           D:1 |       0 |      52 |   0.0 |       0 |      30 |   0.0 |  1086
           D:2 |       0 |      64 |   0.0 |       0 |      10 |   0.0 |   855
               +---------+---------+-------+---------+---------+-------+---------
